 Dungeon Crawl Stone Soup version 0.32-a0-338-g4f8ebfe289 (webtiles) character file.

Game seed: 17778482137496422201

3213 Supivalvur the Basher (level 9, -2/82 HPs)
             Began as a Minotaur Fighter on Feb 16, 2024.
             Was a Priest of Okawaru.
             Slain by a cyclops (12 damage)
             ... on level 8 of the Dungeon on Feb 17, 2024.
             The game lasted 01:31:48 (7088 turns).

Supivalvur the Basher (Minotaur Fighter)            Turns: 7088, Time: 01:31:50

Health: -2/82      AC: 17    Str: 21    XL:     9   Next: 65%
Magic:  8/8        EV:  6    Int: 11    God:    Okawaru [***...]
Gold:   350        SH:  0    Dex: 14    Spells: 8/8 levels left

rFire   . . .        N - +5 morningstar
rCold   . . .        b - orb {light}
rNeg    . . .        w - +0 plate armour
rPois   +            (helmet restricted)
rElec   .            B - +0 cloak
rCorr   .            e - +0 pair of gloves
SInv    .            h - +0 pair of boots
Will    .....        (no amulet) Stlth
                     v - +6 ring of intelligence
HPRegen 0.33/turn    A - ring of poison resistance
MPRegen 0.11/turn

%: no passive effects
@: silenced, glowing
A: horns 2, retaliatory headbutt
a: Renounce Religion


You were on level 8 of the Dungeon.
You worshipped Okawaru.
Okawaru was most pleased with you.
You visited 2 branches of the dungeon, and saw 9 of its levels.

You collected 350 gold pieces.

Inventory:

Hand Weapons
 d - a +4 quarterstaff of chaos
 f - a +0 sling
 o - a +2 whip of freezing
 z - a +0 shortbow
 J - a +3 short sword
 M - a +3 flail
 N - a +5 morningstar (weapon)
 O - a +2 war axe
 P - a +3 dire flail
Missiles
 a - 6 stones
 K - 11 poisoned darts (quivered)
 U - a throwing net
Armour
 b - an orb of light (worn)
 c - a +0 buckler
 e - a +0 pair of gloves (worn)
 h - a +0 pair of boots (worn)
 u - a +0 helmet
 w - a +0 plate armour (worn)
 B - a +0 cloak (worn)
 C - a +0 plate armour
Magical Staves
 g - a staff of earth
 y - a staff of earth
Jewellery
 v - a +6 ring of intelligence (left hand)
 x - a ring of wizardry
 A - a ring of poison resistance (right hand)
 F - a ring of ice
Talismans
 j - a maw talisman
 l - a beast talisman
 D - a flux talisman
 R - a serpent talisman
Wands
 E - a wand of charming (6)
 S - a wand of mindburst (12)
Scrolls
 k - 4 scrolls of noise
 s - a scroll of butterflies {unknown}
 t - a scroll of immolation {unknown}
 G - 2 scrolls of enchant weapon {unknown}
 T - 3 scrolls of fear {unknown}
Potions
 m - a potion of cancellation
 n - 3 potions of curing
 q - 2 potions of enlightenment
 r - 2 potions of magic
 H - a potion of degeneration {unknown}
 I - a potion of mutation {unknown}
 Q - 3 potions of ambrosia {unknown}


   Skills:
 + Level 8.5 Fighting
 + Level 7.5(9.5) Axes
 + Level 8.9(10.1) Maces & Flails
 + Level 3.1 Throwing
 + Level 8.2 Armour
 + Level 0.1 Dodging
 + Level 0.8 Stealth
 + Level 4.0 Shields


You had 8 spell levels left.
You didn't know any spells.
Your spell library contained the following spells:

 Spells                   Type           Power      Damage    Failure   Level
 Sting                    Conj/Alch      0%         1d3       99%         1
 Cigotuvi's Dreadful Rot  Necr/Alch/Air  0%         N/A       100%        2
 Ensorcelled Hibernation  Hex/Ice        0%         N/A       100%        2
 Mercury Vapours          Alch/Air       0%         N/A       100%        2
 Fugue of the Fallen      Necr           0%         N/A       100%        3
 Anguish                  Hex/Necr       0%         N/A       100%        4
 Ignite Poison            Fire/Alch      0%         N/A       100%        4
 Olgreb's Toxic Radiance  Alch           0%         N/A       100%        4
 Freezing Cloud           Conj/Ice/Air   0%         6-21      100%        5
 Conjure Ball Lightning   Conj/Air       0%         3x3d6     100%        6
 Discord                  Hex            0%         N/A       100%        8
 Disjunction              Tloc           0%         N/A       100%        8


Dungeon Overview and Level Annotations

Branches:
Dungeon (8/15)             Temple (1/1) D:5
   Lair: D:8-11

Altars:
Ashenzari
Cheibriados
Dithmenos
Elyvilon
Fedhas
Hepliaklqana
Kikubaaqudgha
Nemelex Xobeh
Okawaru
Qazlal
Ru
Sif Muna
Trog
Uskayaw
Vehumet
Xom
Yredelemnul
Zin
The Shining One

Shops:
D:5 [   D:6 =

Portals:
Bailey: D:8

Annotations:
D:4 2 transporters


Innate Abilities, Weirdness & Mutations

You have a pair of horns on your head.
You reflexively headbutt those who attack you in melee.


Message History

The centaur shoots an arrow.
The arrow hits you.
You hit the cyclops.
You headbutt the cyclops, but do no damage.
The cyclops is heavily wounded.
You kill the orc wizard!
Okawaru accepts your kill. The steam dragon bites you!
The steam dragon claws you but does no damage.
The centaur shoots an arrow.
The arrow hits you but does no damage. The cyclops hits you.
You bludgeon the cyclops!!
You headbutt the cyclops, but do no damage.
The cyclops is almost dead.
The centaur shoots an arrow.
The arrow hits you.
An orc comes into view. It is wielding a +0 hand axe.
The steam dragon bites you but does no damage.
The steam dragon claws you but does no damage.
The centaur shoots an arrow.
The arrow hits you!
* * * LOW HITPOINT WARNING * * *
The cyclops hits you!
* * * LOW HITPOINT WARNING * * *
You feel much better. The steam dragon bites you.
The steam dragon claws you but does no damage.
The centaur shoots an arrow.
The arrow barely misses you.
A bullfrog comes into view.
The steam dragon bites you.
The steam dragon claws you but does no damage.
An orc comes into view. It is wielding a +0 short sword.
The cyclops attacks as it pursues you! The cyclops hits you.
The cyclops attacks as it pursues you! The cyclops hits you!!
* * * LOW HITPOINT WARNING * * *
The steam dragon bites you but does no damage.
The steam dragon claws you but does no damage.
The centaur shoots an arrow.
The arrow barely misses you.
The steam dragon attacks as it pursues you!
The steam dragon barely misses you. You furiously retaliate!
You headbutt the steam dragon!
The steam dragon claws you but does no damage.
The cyclops hits you!
You die...

.#...# #########.....
#...........#
#..........#/#.
#.......(.#...#
#.......).....F
#.....T.....#
#..DCco....#?#
#######..@..[oo.#...#
#.........#####......
#.........# ...# .
#.........# ..#.#
#.........+ .. #...#
#.........# .. ....
#.........#..
########.........#.#
######+#
#.............#'##.#
#.......


You could see a cyclops, a troll, a steam dragon (unsilenced), a centaur, an orc
wizard and 2 orcs.

Vanquished Creatures
  Pikel (D:7)
  Maurice (D:7)
  A wyvern (D:7)
  2 steam dragons (D:6)
  An orc warrior (D:7)
  A black bear (D:6)
  A sky beast (D:7)
  2 lemures (D:7)
  A phantom (D:5)
  A kobold brigand (D:6)
  2 scorpions
  5 wights (D:6)
  4 howler monkeys
  A bombardier beetle (D:5)
  An orc priest (D:6)
  Crazy Yiuf (D:2)
  2 hounds
  4 iguanas
  2 sleepcaps
  2 gnoll boudas (D:6)
  12 orc wizards
  10 gnolls
  5 adders
  2 white imps (D:6)
  A dart slug (D:1)
  10 orcs
  6 ball pythons
  3 endoplasms
  6 giant cockroaches
  4 goblins
  7 hobgoblins
  9 kobolds
  2 quokkas
  5 bats
  2 frilled lizards
  6 rats
126 creatures vanquished.

Vanquished Creatures (others)
  A killer bee (D:8)
  An iguana (D:5)
  An orc (D:5)
3 creatures vanquished.

Grand Total: 129 creatures vanquished

Notes
Turn   | Place    | Note
-------+----------+-------------------------------------------
     0 | D:1      | Supivalvur the Minotaur Fighter began the quest for the
                  | Orb.
     0 | D:1      | Reached XP level 1. HP: 19/19 MP: 0/0
   172 | D:1      | Reached XP level 2. HP: 24/27 MP: 1/1
   596 | D:1      | Reached XP level 3. HP: 34/34 MP: 2/2
  1520 | D:2      | Reached XP level 4. HP: 41/41 MP: 3/3
  1661 | D:2      | Found a runed translucent door.
  1662 | D:2      | Noticed Crazy Yiuf
  2046 | D:2      | Killed Crazy Yiuf
  2180 | D:3      | Reached skill level 5 in Fighting
  2283 | D:3      | Reached XP level 5. HP: 48/48 MP: 4/4
  2531 | D:3      | Identified the -2 pair of gloves "Cohurgh" {rElec Will+
                  | SInv}
  3232 | D:4      | Reached skill level 5 in Armour
  3349 | D:4      | Reached XP level 6. HP: 56/56 MP: 5/5
  3442 | D:4      | Found a transporter.
  3460 | D:4      | Noticed a fire bat
  3546 | D:4      | Found a transporter.
  3801 | D:5      | Entered Level 5 of the Dungeon
  3849 | D:5      | Reached skill level 5 in Axes
  3939 | D:5      | Found a staircase to the Ecumenical Temple.
  3968 | Temple   | Entered the Ecumenical Temple
  4008 | Temple   | Upgraded the game from 0.32-a0-314-g526f7d4993 to
                  | 0.32-a0-338-g4f8ebfe289
  4261 | Temple   | what
  4435 | Temple   | Became a worshipper of Warmaster Okawaru
  4528 | D:5      | Found a stormy altar of Qazlal.
  4531 | D:5      | Found a broken altar of Ashenzari.
  4752 | D:5      | Reached skill level 1 in Throwing
  4837 | D:5      | Found a basalt altar of Yredelemnul.
  4963 | D:5      | Reached XP level 7. HP: 42/61 MP: 6/6
  4993 | D:5      | Found Jyvikhank's Armour Shoppe.
  5158 | D:6      | Reached * piety under Okawaru
  5298 | D:6      | Found Moteuvvo's Jewellery Shop.
  5391 | D:6      | Noticed a steam dragon
  5468 | D:6      | Noticed a steam dragon
  5474 | D:6      | Killed a steam dragon
  5584 | D:6      | Reached XP level 8. HP: 50/71 MP: 7/7
  5588 | D:6      | Reached ** piety under Okawaru
  5634 | D:6      | Reached skill level 1 in Maces & Flails
  5807 | D:6      | Found a sacrificial altar of Ru.
  6269 | D:7      | Noticed Pikel
  6282 | D:7      | Killed Pikel
  6283 | D:7      | Reached XP level 9. HP: 58/80 MP: 8/8
  6552 | D:7      | Reached *** piety under Okawaru
  6634 | D:7      | Noticed Maurice
  6684 | D:7      | Maurice stole a staff of earth
  6689 | D:7      | Maurice stole 226 gold
  6693 | D:7      | Killed Maurice
  6991 | D:8      | Found a flagged portal.
  7071 | D:8      | Noticed a cyclops
  7079 | D:8      | Noticed a troll
  7088 | D:8      | Slain by a cyclops

Illustrated notes

#.#._..#..#...#....#
#.#....#_.#._.#....#
#.##'######...#+####
#......#_.#...#.#._#
#.####.#..##'##.#..#
#.#_.'.##'#..⌠..##'#
#.#..#.............#
#.#####'##.####'##..
#.#@.#...#.'..#..###
#.#..#...#.#._#_.#..
#.#..#...#.####..#..
#.#'######..⌠.######
#...................
####################


Turn 4261 on Temple: what

Levels and vault maps discovered:
D:1:      eino_arrival_cavern_b, layout_loops_ring
D:2:      minmay_angry_zag, layout_basic, uniq_crazy_yiuf_cottage
D:3:      layout_basic
D:4:      gammafunk_cloud_chamber, layout_layer_cave
D:5:      layout_cave_pools, grunt_temple_overflow_open,
          mainiacjoe_overflow_concentric_impassable,
          minmay_temple_entry_junction, serial_shops,
          nicolae_shop_back_alley_shop, chequers_serial_rivers_micro_e,
          lemuel_flamethrower_2
D:6:      layout_basic, nicolae_ru_the_path_less_chosen, serial_shops,
          nicolae_shop_just_a_little_nook, kennysheep_generic_room_9
D:7:      minmay_flawed_box, layout_rooms, uniq_maurice, uniq_pikel
D:8:      cheibrodos_fzero, layout_gridville, enter_bailey_5
Temple:   bh_familiar_temple

Skill      XL: |  1  2  3  4  5  6  7  8  9 |
---------------+----------------------------+-----
Fighting       | 4 5 6 7 8 |  8.5
Armour         | 4 5 6 7 8 |  8.2
Axes           | 3 4 5 6 7 |  7.5
Shields        | 4 |  4.0
Throwing       | 2 3 |  3.1
Maces & Flails | 6 8 |  8.9
Dodging        | |  0.1
Stealth        | |  0.8

Action                     |  1- 3 |  4- 6 |  7- 9 || total
---------------------------+-------+-------+-------++-------
  Melee: War axe           |    51 |    85 |    52 ||   188
         Headbutt          |     5 |    15 |    47 ||    67
         Morningstar       |       |       |   104 ||   104
         Flail             |       |       |    12 ||    12
  Throw: Stone             |       |    32 |       ||    32
         Dart              |       |     9 |    10 ||    19
    Use: Scroll            |       |     9 |     4 ||    13
         Potion            |       |     1 |     3 ||     4
 Armour: Scale mail        |    31 |       |       ||    31
         Plate armour      |    12 |    75 |   215 ||   302
  Dodge: Dodged            |    30 |    27 |    55 ||   112
  Block: Buckler           |    12 |     7 |       ||    19

Table legend: (Time is in decaauts)
 A = Elapsed time spent in this place.
 B = Non-inter-level travel time spent in this place.
 C = Inter-level travel time spent in this place.
 D = Time resting spent in this place.
 E = Time spent auto-exploring this place.
 F = Levels seen in this place.
 G = Mean time per level.
                   A        B        C        D        E       F      G
               +--------+--------+--------+--------+--------+-----+--------+
         Total |   7156 |   6910 |    246 |      0 |     13 |   9 |  795.1 |
       Dungeon |   6613 |   6367 |    246 |      0 |     13 |   8 |  826.6 |
        Temple |    542 |    542 |      0 |      0 |      0 |   1 |  542.0 |
               +--------+--------+--------+--------+--------+-----+--------+

Top non-repeatable levels by time:
     D:2: 1307 daAuts
     D:4: 1094 daAuts
     D:6: 1045 daAuts
     D:5: 866 daAuts
     D:1: 853 daAuts
     D:7: 760 daAuts
     D:3: 581 daAuts
  Temple: 542 daAuts
     D:8: 105 daAuts
